NCAA
WAKE FOREST DEMON DEACONS @ RUTGERS SCARLET KNIGHTS
05/20/2029
 
TOP OF THE 1ST
Wake Forest Demon Deacons batting - Pitching for Rutgers Scarlet Knights : RHP Robin Richmond
Pitching: RHP Robin Richmond
Batting: SHB Elvis Gonzáles 0-0: Foul Ball, location: 2F
0-1: Ball
1-1: Foul Ball, location: 2F
1-2: SINGLE (Flyball, 7LM)
Batting: RHB Tyler Robinson 0-0: Ball
1-0: Foul Ball, location: 2F
1-1: Ball
2-1: Fielders Choice at 2nd, 5-4 (Groundball, 5)
Batting: RHB Jack Hogan 0-0: Ball
1-0: Foul Ball, location: 2F
1-1: Hit by Pitch
Tyler Robinson to second
Batting: LHB Gregory Pérez 0-0: Swinging Strike
0-1: Ball
Tyler Robinson is caught stealing 3rd base
1-1: Ball
2-1: Called Strike
2-2: Ground out 4-3 (Groundball, 4)
Top of the 1st over - 0 runs, 1 hit, 0 errors, 1 left on base; Wake Forest 0 - Rutgers 0
BOTTOM OF THE 1ST
Rutgers Scarlet Knights batting - Pitching for Wake Forest Demon Deacons : RHP Javier Morán
Pitching: RHP Javier Morán
Batting: SHB Pat Brock 0-0: Foul Ball, location: 2F
0-1: Ball
1-1: Ground out 5-3 (Groundball, 5)
Batting: LHB Andre Montgomery 0-0: Ball
1-0: Foul Ball, location: 2F
1-1: SOLO HOME RUN (Flyball, 9D), Distance : 367 ft
Batting: RHB Howard Battle 0-0: Called Strike
0-1: Foul Ball, location: 2F
0-2: Ball
1-2: Strikes out swinging
Batting: RHB Harry Wilkins 0-0: Ball
1-0: Foul Ball, location: 2F
1-1: Ball
2-1: Ball
3-1: Base on Balls
Batting: RHB Randy Guthrie 0-0: Called Strike
Harry Wilkins steals 2nd base
0-1: Called Strike
0-2: Foul Ball, location: 2F
0-2: Ball
1-2: Strikes out swinging
Bottom of the 1st over - 1 run, 1 hit, 0 errors, 1 left on base; Wake Forest 0 - Rutgers 1
TOP OF THE 2ND
Wake Forest Demon Deacons batting - Pitching for Rutgers Scarlet Knights : RHP Robin Richmond
Batting: LHB Don Harris 0-0: Ground out 4-3 (Groundball, 4)
Batting: RHB Mike Pope 0-0: Ball
1-0: Ball
2-0: Called Strike
2-1: SINGLE (Groundball, 34D)
Batting: RHB Héctor Solís 0-0: Grounds into double play, 6-4-3 (Groundball, 6)
Top of the 2nd over - 0 runs, 1 hit, 0 errors, 0 left on base; Wake Forest 0 - Rutgers 1
BOTTOM OF THE 2ND
Rutgers Scarlet Knights batting - Pitching for Wake Forest Demon Deacons : RHP Javier Morán
Batting: SHB Erwin Dwyer 0-0: Called Strike
0-1: Ball
1-1: SINGLE (Line Drive, 78S)
Batting: LHB Dennis Montgomery 0-0: Called Strike
0-1: Called Strike
0-2: Ball
1-2: SINGLE (Groundball, 4D)
Erwin Dwyer to second
Runner from 2nd tries for 3rd, OUT!
Batting: RHB Norm Gunn 0-0: Called Strike
0-1: Called Strike
0-2: SINGLE (Groundball, 34D)
Dennis Montgomery to second
Runner from 2nd tries for 3rd, SAFE, throw made to third
Batting: RHB Roy Lovell 0-0: Foul Ball, location: 2F
0-1: SINGLE (Groundball, 34D)
Dennis Montgomery scores
Norm Gunn to second
Runner from 2nd tries for 3rd, OUT!
Batting: SHB Pat Brock 0-0: Ball
Roy Lovell is caught stealing 2nd base
Bottom of the 2nd over - 1 run, 4 hits, 0 errors, 0 left on base; Wake Forest 0 - Rutgers 2
TOP OF THE 3RD
Wake Forest Demon Deacons batting - Pitching for Rutgers Scarlet Knights : RHP Robin Richmond
Batting: RHB Paul Turner 0-0: Ball
1-0: Foul Ball, location: 2F
1-1: Ball
2-1: Fly out, F3 (Popup, 3F)
Batting: RHB Doug Dunlap 0-0: Ground out 6-3 (Groundball, 6)
Batting: SHB Elvis Gonzáles 0-0: Ball
1-0: Ball
2-0: Called Strike
2-1: Called Strike
2-2: Strikes out swinging
Top of the 3rd over - 0 runs, 0 hits, 0 errors, 0 left on base; Wake Forest 0 - Rutgers 2
BOTTOM OF THE 3RD
Rutgers Scarlet Knights batting - Pitching for Wake Forest Demon Deacons : RHP Javier Morán
Batting: SHB Pat Brock 0-0: Called Strike
0-1: Ball
1-1: Ground out 6-3 (Groundball, 6)
Batting: LHB Andre Montgomery 0-0: Foul Ball, location: 2F
0-1: Foul Ball, location: 2F
0-2: Ball
1-2: Strikes out swinging
Batting: RHB Howard Battle 0-0: Foul Ball, location: 2F
0-1: Swinging Strike
0-2: Strikes out looking
Bottom of the 3rd over - 0 runs, 0 hits, 0 errors, 0 left on base; Wake Forest 0 - Rutgers 2
TOP OF THE 4TH
Wake Forest Demon Deacons batting - Pitching for Rutgers Scarlet Knights : RHP Robin Richmond
Batting: RHB Tyler Robinson 0-0: Ball
1-0: Foul Ball, location: 2F
1-1: Ball
2-1: Ground out 6-3 (Groundball, 6)
Batting: RHB Jack Hogan 0-0: Ball
1-0: Ball
2-0: Ball
3-0: Called Strike
3-1: Foul Ball, location: 2F
3-2: Fly out, F4 (Popup, 23)
Batting: LHB Gregory Pérez 0-0: Called Strike
0-1: Foul Ball, location: 2F
0-2: Ball
1-2: Ball
2-2: SINGLE (Flyball, 7S) - OUT at second base trying to stretch hit.
Top of the 4th over - 0 runs, 1 hit, 0 errors, 0 left on base; Wake Forest 0 - Rutgers 2
BOTTOM OF THE 4TH
Rutgers Scarlet Knights batting - Pitching for Wake Forest Demon Deacons : RHP Javier Morán
Batting: RHB Harry Wilkins 0-0: Ground out 6-3 (Groundball, 56)
Batting: RHB Randy Guthrie 0-0: Fly out, F8 (Flyball, 8LS)
Batting: SHB Erwin Dwyer 0-0: Ball
1-0: Ball
2-0: Fly out, F8 (Flyball, 89M)
Bottom of the 4th over - 0 runs, 0 hits, 0 errors, 0 left on base; Wake Forest 0 - Rutgers 2
TOP OF THE 5TH
Wake Forest Demon Deacons batting - Pitching for Rutgers Scarlet Knights : RHP Robin Richmond
Batting: LHB Don Harris 0-0: Ball
1-0: Ball
2-0: Foul Ball, location: 2F
2-1: Swinging Strike
2-2: SINGLE (Flyball, 8RS)
Batting: RHB Mike Pope 0-0: Swinging Strike
0-1: Swinging Strike
0-2: Foul Ball, location: 2F
0-2: Foul Ball, location: 2F
0-2: Ball
1-2: Strikes out looking
Batting: RHB Héctor Solís 0-0: Swinging Strike
0-1: Ball
1-1: Ball
2-1: Foul Ball, location: 2F
2-2: Strikes out looking
Batting: RHB Paul Turner 0-0: Fly out, F5 (Line Drive, 5)
Top of the 5th over - 0 runs, 1 hit, 0 errors, 1 left on base; Wake Forest 0 - Rutgers 2
BOTTOM OF THE 5TH
Rutgers Scarlet Knights batting - Pitching for Wake Forest Demon Deacons : RHP Javier Morán
Batting: LHB Dennis Montgomery 0-0: Called Strike
0-1: Ball
1-1: Ball
2-1: Foul Ball, location: 2F
2-2: Foul Ball, location: 2F
2-2: Ball
3-2: Strikes out swinging
Batting: RHB Norm Gunn 0-0: Called Strike
0-1: Ball
1-1: Fly out, F7 (Flyball, 7LS)
Batting: RHB Roy Lovell 0-0: SINGLE (Flyball, 89S)
Batting: SHB Pat Brock 0-0: Foul Ball, location: 2F
0-1: Ball
1-1: SINGLE (Groundball, 56D)
Roy Lovell to second
Batting: LHB Andre Montgomery 0-0: Ball
1-0: Swinging Strike
1-1: Foul Ball, location: 2F
1-2: Strikes out looking
Bottom of the 5th over - 0 runs, 2 hits, 0 errors, 2 left on base; Wake Forest 0 - Rutgers 2
TOP OF THE 6TH
Wake Forest Demon Deacons batting - Pitching for Rutgers Scarlet Knights : RHP Robin Richmond
Batting: RHB Doug Dunlap 0-0: Ball
1-0: Ball
2-0: Ball
3-0: Called Strike
3-1: Foul Ball, location: 2F
3-2: Foul Ball, location: 2F
3-2: Base on Balls
Batting: SHB Elvis Gonzáles 0-0: Foul Ball, location: 2F
0-1: Ball
1-1: Ball
2-1: Ball
3-1: Swinging Strike
3-2: DOUBLE (Line Drive, 7)
Doug Dunlap to third
Batting: RHB Tyler Robinson 0-0: Called Strike
0-1: Ball
1-1: SINGLE (Groundball, 56D)
Doug Dunlap scores
Elvis Gonzáles to third
Pitching: RHP Tommy Holmes
Batting: RHB Jack Hogan 0-0: Ball
Tyler Robinson is caught stealing 2nd base
1-0: Ball
2-0: Ball
3-0: Called Strike
3-1: Base on Balls
Batting: LHB Gregory Pérez 0-0: Ball
1-0: Ball
2-0: Called Strike
2-1: Foul Ball, location: 2F
2-2: Foul Ball, location: 2F
2-2: Foul Ball, location: 2F
2-2: SINGLE (Groundball, 5D)
Elvis Gonzáles scores
Jack Hogan to second
Batting: LHB Don Harris 0-0: Foul Ball, location: 2F
0-1: SINGLE (Groundball, 34D)
Jack Hogan to third
Gregory Pérez to second
Batting: RHB Mike Pope 0-0: Fly out, F6 (Popup, 6M)
Batting: RHB Héctor Solís 0-0: Ball
1-0: Called Strike
1-1: Swinging Strike
1-2: Ball
2-2: Fly out, F5 (Popup, 56)
Top of the 6th over - 2 runs, 4 hits, 0 errors, 3 left on base; Wake Forest 2 - Rutgers 2
BOTTOM OF THE 6TH
Rutgers Scarlet Knights batting - Pitching for Wake Forest Demon Deacons : RHP Javier Morán
Batting: RHB Howard Battle 0-0: Swinging Strike
0-1: SINGLE (Groundball, 56D)
Batting: RHB Harry Wilkins 0-0: Fly out, F7 (Line Drive, 7LD)
Batting: RHB Randy Guthrie 0-0: Ball
1-0: Ball
2-0: Ball
3-0: Base on Balls
Howard Battle to second
Batting: SHB Erwin Dwyer 0-0: Ball
1-0: SINGLE (Groundball, 4MD)
Howard Battle to third
Randy Guthrie to second
Runner from 3rd tries for Home, SAFE, no throw
Pitching: RHP Bill Hudson
Batting: LHB Dennis Montgomery 0-0: Called Strike
0-1: Ground out 6-3 (Groundball, 6S)
Randy Guthrie to third
Erwin Dwyer to second
Batting: RHB Norm Gunn 0-0: Ball
1-0: Ball
2-0: Called Strike
2-1: Fly out, F7 (Flyball, 7LM)
Bottom of the 6th over - 1 run, 2 hits, 0 errors, 2 left on base; Wake Forest 2 - Rutgers 3
TOP OF THE 7TH
Wake Forest Demon Deacons batting - Pitching for Rutgers Scarlet Knights : RHP Tommy Holmes
Batting: RHB Paul Turner 0-0: Ball
1-0: Foul Ball, location: 2F
1-1: Foul Ball, location: 2F
1-2: Strikes out looking
Batting: RHB Doug Dunlap 0-0: Ball
1-0: Foul Ball, location: 2F
1-1: Swinging Strike
1-2: Fly out, F9 (Flyball, 89M)
Batting: SHB Elvis Gonzáles 0-0: Ball
1-0: Called Strike
1-1: Ball
2-1: Fly out, F6 (Popup, 6S)
Top of the 7th over - 0 runs, 0 hits, 0 errors, 0 left on base; Wake Forest 2 - Rutgers 3
BOTTOM OF THE 7TH
Rutgers Scarlet Knights batting - Pitching for Wake Forest Demon Deacons : RHP Bill Hudson
Batting: RHB Roy Lovell 0-0: Ball
1-0: Ground out 5-3 (Groundball, 56S)
Batting: SHB Pat Brock 0-0: Foul Ball, location: 2F
0-1: Ball
1-1: Ball
2-1: Ball
3-1: Base on Balls
Pitching: LHP David Vallabares
Batting: LHB Andre Montgomery 0-0: SINGLE (Groundball, 34D)
Pat Brock to second
Runner from 2nd tries for 3rd, OUT!
Andre Montgomery to second
Pitching: LHP Mike Hill
Batting: RHB Howard Battle 0-0: Ground out 6-3 (Groundball, 6M)
Bottom of the 7th over - 0 runs, 1 hit, 0 errors, 1 left on base; Wake Forest 2 - Rutgers 3
TOP OF THE 8TH
Wake Forest Demon Deacons batting - Pitching for Rutgers Scarlet Knights : RHP Tommy Holmes
Batting: RHB Tyler Robinson 0-0: Swinging Strike
0-1: Foul Ball, location: 2F
0-2: Strikes out swinging
Batting: RHB Jack Hogan 0-0: Ground out 5-3 (Groundball, 5L)
Batting: LHB Gregory Pérez 0-0: Ball
1-0: Foul Ball, location: 2F
1-1: Foul Ball, location: 2F
1-2: Ball
2-2: Strikes out swinging
Top of the 8th over - 0 runs, 0 hits, 0 errors, 0 left on base; Wake Forest 2 - Rutgers 3
BOTTOM OF THE 8TH
Rutgers Scarlet Knights batting - Pitching for Wake Forest Demon Deacons : LHP Mike Hill
Batting: RHB Harry Wilkins 0-0: Ball
1-0: Swinging Strike
1-1: Ball
2-1: Ball
3-1: Base on Balls
Batting: RHB Randy Guthrie 0-0: Called Strike
0-1: SINGLE (Groundball, 34D)
Harry Wilkins to second
Runner from 2nd tries for 3rd, SAFE, throw made to third
Batting: SHB Erwin Dwyer 0-0: Ball
1-0: Foul Ball, location: 2F
1-1: Ball
2-1: Swinging Strike
2-2: Ball
3-2: Strikes out swinging
Batting: LHB Dennis Montgomery 0-0: Fly out, F6 (Line Drive, 6)
Batting: RHB Norm Gunn 0-0: Ball
1-0: Fly out, F3 (Popup, 3L)
Bottom of the 8th over - 0 runs, 1 hit, 0 errors, 2 left on base; Wake Forest 2 - Rutgers 3
TOP OF THE 9TH
Wake Forest Demon Deacons batting - Pitching for Rutgers Scarlet Knights : RHP Tommy Holmes
Pitching: LHP Jack Greene
Batting: LHB Don Harris 0-0: Called Strike
0-1: Called Strike
0-2: SINGLE (Line Drive, 78M)
Batting: RHB Mike Pope 0-0: Called Strike
0-1: Ball
1-1: Ball
2-1: Foul Ball, location: 2F
2-2: Strikes out swinging
Batting: RHB Héctor Solís 0-0: Ball
1-0: Ball
2-0: Ball
3-0: Called Strike
3-1: Base on Balls
Don Harris to second
Batting: RHB Paul Turner 0-0: Called Strike
0-1: SINGLE (Line Drive, 9S)
Don Harris to third
Héctor Solís to second
Batting: RHB Doug Dunlap 0-0: Ball
1-0: Called Strike
1-1: SINGLE (Line Drive, 4MD)
Don Harris scores
Héctor Solís to third
Paul Turner to second
Runner from 3rd tries for Home, SAFE, no throw
Batting: SHB Elvis Gonzáles 0-0: Called Strike
0-1: Ball
1-1: Swinging Strike
1-2: Fly out, F7 (Line Drive, 7LD)
Batting: RHB Tyler Robinson 0-0: Ball
1-0: Called Strike
1-1: TRIPLE (Line Drive, 78XD)
Paul Turner scores
Doug Dunlap scores
Pitching: RHP Joey Williams
Batting: RHB Jack Hogan 0-0: Ball
1-0: Ground out 6-3 (Groundball, 6M)
Top of the 9th over - 4 runs, 4 hits, 0 errors, 1 left on base; Wake Forest 6 - Rutgers 3
BOTTOM OF THE 9TH
Rutgers Scarlet Knights batting - Pitching for Wake Forest Demon Deacons : LHP Mike Hill
Pitching: LHP Sherman Gordon
Batting: RHB Roy Lovell 0-0: Foul Ball, location: 2F
0-1: SINGLE (Line Drive, 56D)
Batting: SHB Pat Brock 0-0: Ball
Wild Pitch!
Roy Lovell to second
1-0: Ball
2-0: Fly out, F8 (Flyball, 8RD)
Batting: LHB Andre Montgomery 0-0: Swinging Strike
0-1: Hit by Pitch
Batting: RHB Howard Battle 0-0: Foul Ball, location: 2F
0-1: SINGLE (Groundball, 3D)
Roy Lovell to third
Andre Montgomery to second
Batting: RHB Harry Wilkins 0-0: Swinging Strike
0-1: Foul Ball, location: 2F
0-2: Foul Ball, location: 2F
0-2: GRAND SLAM HOME RUN (Line Drive, 8RXD), Distance : 401 ft
Saturday, December 16th, 2017 - OOTP Baseball 18.8 Build 76